 Dungeon Crawl Stone Soup version 0.30-a0-1085-g990a428a5c (webtiles) character file.

Game seed: 1342275195284059725

399 NotreDorf the Magician (level 6, 0/47 HPs)
             Began as a Mummy Hedge Wizard on Apr 16, 2023.
             Was an Initiate of Sif Muna.
             Slain by a black bear (9 damage)
             ... on level 5 of the Dungeon.
             The game lasted 00:17:42 (5079 turns).

NotreDorf the Magician (Mummy Hedge Wizard)         Turns: 5079, Time: 00:17:42

Health: 0/47       AC:  5    Str: 13    XL:     6   Next: 53%
Magic:  7/15       EV: 12    Int: 16    God:    Sif Muna [......]
Gold:   88         SH:  0    Dex: 11    Spells: 11/17 levels left

rFire   x . .      SeeInvis .    j - +2 whip (flame)
rCold   + . .      Faith    +    (no shield)
rNeg    + + +      Spirit   .    b - +0 robe
rPois   ∞          Reflect  .    c - +0 hat
rElec   .          Rampage  .    l - +2 cloak
rCorr   .                        (no gloves)
Will    .....                    (no boots)
Stlth   ++                       (no amulet)
HPRegen 0.27/turn                (no ring)
MPRegen 0.14/turn                (no ring)

@: no status effects
A: cold resistance 1, negative energy resistance 3, torment resistance 2, heat
vulnerability 1, in touch with death 1, no potions, faith
a: Renounce Religion


You were on level 5 of the Dungeon.
You worshipped Sif Muna.
Sif Muna was noncommittal.
You visited 1 branch of the dungeon, and saw 5 of its levels.

You collected 160 gold pieces.
You spent 72 gold pieces at shops.

Inventory:

Hand Weapons
 e - a +0 mace
 j - a +2 whip of flaming (weapon)
Armour
 b - a +0 robe (worn)
 c - a +0 hat (worn)
 i - a +0 cloak
 l - a +2 cloak (worn)
Scrolls
 a - 2 scrolls of magic mapping {unknown}
 d - 5 scrolls of identify {unknown}
 f - 2 scrolls of teleportation {unknown}
 g - 3 scrolls of fear {unknown}
 h - 3 scrolls of amnesia {unknown}
 k - 3 scrolls of immolation {unknown}
 m - a scroll of silence {unknown}


   Skills:
 + Level 3.6 Fighting
 - Level 2.6 Dodging
 - Level 1.5 Stealth
 + Level 6.1 Spellcasting
 + Level 2.5 Conjurations
 - Level 0.7 Summonings
 - Level 0.7 Translocations


You had 11 spell levels left.
You knew the following spells:

 Your Spells              Type           Power      Damage    Failure   Level
a - Magic Dart            Conj           48%        1d5       4%          1
b - Blink                 Tloc           14%        N/A       16%         2
c - Mephitic Cloud        Conj/Pois/Air  7%         N/A       28%         3

Your spell library contained the following spells:

 Spells                   Type           Power      Damage    Failure   Level
 Slow                     Hex            16%        N/A       14%         1
 Call Imp                 Summ           14%        N/A       16%         2
 Cigotuvi's Dreadful Rot  Necr/Pois/Air  14%        N/A       21%         2


Dungeon Overview and Level Annotations

Branches:
Dungeon (5/15)             Temple (0/1) D:5

Altars:
Qazlal
Sif Muna
Wu Jian

Shops:
D:3 *

Annotations:
D:4 2 runed translucent doors, halvedace's ghost, amateur DrFi


Innate Abilities, Weirdness & Mutations

You are immune to poison.
Your flesh is cold resistant. (rC+)
You are immune to negative energy. (rN+++)
You are immune to unholy pain and torment.
You are vulnerable to heat. (rF-)
You are in touch with the powers of death.
You do not drink.
You have a special connection with the divine. (Faith)


Message History

You hit the black bear but do no damage.
The black bear is severely wounded.
The howler monkey barely misses you. The black bear bites you.
The black bear claws you. The black bear barely misses you.
You completely miss the black bear.
The black bear is severely wounded.
The black bear bites you but does no damage.
The black bear claws you. x2; The black bear barely misses you.
The black bear claws you. The black bear barely misses you.
The howler monkey misses you.
The howler monkey closely misses itself.
Casting: Mephitic Cloud (quite dangerous; 28% risk of failure)
Confirm with . or Enter, or press ? or * to list all spells.
The spell is quite dangerous to miscast (28% risk of failure)!
Continue anyway?
Aiming: Mephitic Cloud (quite dangerous; 28% risk of failure)
Press: ? - help, Shift-Dir - straight line, f/p - howler monkey
Aim: a howler monkey (confused, chance to affect: 86%)
The ball explodes into a vile cloud!
The stinking cloud engulfs the howler monkey but does no damage.
The stinking cloud engulfs the black bear but does no damage.
The black bear is severely wounded.
The stinking cloud engulfs you but does no damage.
The black bear barely misses you. The black bear closely misses you.
The black bear claws you.
* * * LOW HITPOINT WARNING * * *
You hit the black bear. You burn the black bear.
The black bear is almost dead.
The black bear barely misses you. The black bear misses you.
The black bear closely misses you.
The howler monkey is engulfed in noxious fumes.
The howler monkey appears confused.
The howler monkey barely misses the black bear.
The howler monkey barely misses itself.
The black bear misses you.
The black bear claws you but does no damage.
The black bear claws you.
* * * LOW HITPOINT WARNING * * *
You closely miss the black bear.
The black bear is almost dead.
The black bear bites you!
You die...

.... #..#
###
#..##..##
#.......#
#...>...#
+°°...$.#
#.h○....#
#h@#
####..###'##
......#....+
.....#....#
....#....#
#..##.###
##<.##.#####
#..........#
#..........+


You could see a black bear (berserk) and a howler monkey (confused).

Vanquished Creatures
  A black bear (D:4)
  A howler monkey (D:5)
  Jessica (D:3)
  An iguana (D:5)
  An orc wizard (D:3)
  A river rat (D:3)
  2 adders
  3 gnolls (D:4)
  7 worms
  3 dart slugs
  7 orcs
  7 endoplasms
  3 giant cockroaches
  6 goblins
  5 hobgoblins
  4 jackals (D:2)
  4 quokkas
  4 ball pythons
  7 bats
  4 frilled lizards
  6 kobolds
  10 rats
88 creatures vanquished.

Vanquished Creatures (collateral kills)
  An orc wizard (D:3)
1 creature vanquished.

Vanquished Creatures (others)
  2 withered plants (D:5)
2 creatures vanquished.

Grand Total: 91 creatures vanquished

Notes
Turn   | Place    | Note
-------+----------+-------------------------------------------
     0 | D:1      | NotreDorf the Mummy Hedge Wizard began the quest for the
                  | Orb.
     0 | D:1      | Reached XP level 1. HP: 13/13 MP: 5/5
   229 | D:1      | Reached XP level 2. HP: 20/20 MP: 0/7
   390 | D:1      | Learned a level 2 spell: Blink
   475 | D:1      | Reached skill level 1 in Fighting
  1319 | D:2      | Gained mutation: You are in touch with the powers of death.
                  | [Mummy growth]
  1319 | D:2      | Reached XP level 3. HP: 26/26 MP: 7/9
  2098 | D:2      | Found an ornate altar of the Wu Jian Council.
  2290 | D:2      | Learned a level 3 spell: Mephitic Cloud
  2515 | D:3      | Reached XP level 4. HP: 33/33 MP: 7/10
  2647 | D:3      | Reached skill level 5 in Spellcasting
  2647 | D:3      | Reached skill level 1 in Conjurations
  2887 | D:3      | Found Vaskuth's Assorted Antiques.
  2903 | D:3      | Bought a scroll labelled LESAVE TASUM for 24 gold pieces
  2903 | D:3      | Bought a scroll labelled LESAVE TASUM for 24 gold pieces
  2903 | D:3      | Bought a scroll labelled XOR PAOSIEMANTUSK for 24 gold
                  | pieces
  2932 | D:3      | Found a stormy altar of Qazlal.
  3205 | D:3      | Reached XP level 5. HP: 39/39 MP: 1/12
  3598 | D:3      | Noticed Jessica
  3603 | D:3      | Killed Jessica
  3938 | D:4      | Found a shimmering blue altar of Sif Muna.
  3943 | D:4      | Became a worshipper of Sif Muna the Loreminder
  4113 | D:4      | Noticed a black bear
  4128 | D:4      | Killed a black bear
  4129 | D:4      | Reached XP level 6. HP: 24/47 MP: 6/14
  4593 | D:4      | Found a runed translucent door.
  4596 | D:4      | Noticed halvedace's ghost (amateur DrFi)
  4917 | D:4      | Found a runed translucent door.
  4944 | D:5      | Entered Level 5 of the Dungeon
  4966 | D:5      | Reached skill level 6 in Spellcasting
  5025 | D:5      | Found a staircase to the Ecumenical Temple.
  5079 | D:5      | Slain by a black bear

Illustrated notes

Levels and vault maps discovered:
D:1:      minmay_arrival_shattered_statue, layout_rooms, nicolae_titane
D:2:      layout_loops_ring, basic_altar
D:3:      layout_basic, nicolae_overflow_crystal_walls, serial_shops, shop,
          lightli_sewer_entry_pipes, uniq_jessica
D:4:      layout_loops_ring, nicolae_sif_muna_little_library,
          ebering_ghost_sewer_f, kennysheep_cross_bottleneck, feat_on_display
D:5:      layout_gridville, minmay_temple_entry_waves, serial_undead,
          serial_undead_b, serial_undead_c, serial_undead_f, serial_undead_e,
          uniq_eustachio

Skill      XL: |  1  2  3  4  5  6 |
---------------+-------------------+-----
Fighting       | 1 2 3 |  3.6
Dodging        | 2 |  2.6
Spellcasting   | 5 6 |  6.1
Conjurations   | 1 2 |  2.5
Stealth        | |  1.5
Summonings     | |  0.7
Translocations | |  0.7

Action                     |  1- 3 |  4- 6 || total
---------------------------+-------+-------++-------
  Melee: Dagger            |    11 |       ||    11
         Mace              |    47 |       ||    47
         Whip              |       |   129 ||   129
         Punch             |       |     1 ||     1
   Cast: Magic Dart        |   121 |   105 ||   226
         Mephitic Cloud    |       |     5 ||     5
   Stab: Confused          |       |     1 ||     1
 Armour: Robe              |    13 |    30 ||    43
  Dodge: Dodged            |    51 |    73 ||   124

Table legend: (Time is in decaauts)
 A = Elapsed time spent in this place.
 B = Non-inter-level travel time spent in this place.
 C = Inter-level travel time spent in this place.
 D = Time resting spent in this place.
 E = Time spent auto-exploring this place.
 F = Levels seen in this place.
 G = Mean time per level.
                   A        B        C        D        E       F      G
               +--------+--------+--------+--------+--------+-----+--------+
         Total |   5135 |   5090 |     45 |    597 |   3611 |   5 | 1027.0 |
       Dungeon |   5135 |   5090 |     45 |    597 |   3611 |   5 | 1027.0 |
               +--------+--------+--------+--------+--------+-----+--------+

Top non-repeatable levels by time:
     D:3: 1457 daAuts
     D:1: 1302 daAuts
     D:2: 1210 daAuts
     D:4: 1026 daAuts
     D:5: 138 daAuts
